 Dungeon Crawl Stone Soup version 0.31.0-11-ge490571c62 (webtiles) character file.

Game seed: 12724740877466678682

2979 Pooter the Carver (level 9, -11/71 HPs)
             Began as a Minotaur Fighter on Jan 28, 2024.
             Was a Priest of Hepliaklqana.
             Mangled by an orc knight
             ... wielding a +0 halberd
              (24 damage)
             ... in a bailey on Jan 29, 2024.
             The game lasted 00:34:10 (6794 turns).

Pooter the Carver (Minotaur Fighter)                Turns: 6794, Time: 00:34:10

Health: -11/71     AC: 16    Str: 19    XL:     9   Next: 53%
Magic:  0/11       EV:  2    Int:  5    God:    Hepliaklqana [***...]
Gold:   364        SH:  0    Dex: 20    Spells: 8/8 levels left

rFire   . . .        a - +9 falchion of Action {freeze, rElec Will++ Str-2}
rCold   . . .        (no shield)
rNeg    . . .        p - +0 crystal plate armour
rPois   .            (helmet restricted)
rElec   +            (no cloak)
rCorr   .            (no gloves)
SInv    .            (no boots)
Will    ++...        G - amulet of guardian spirit Stlth
                     r - +4 ring of slaying
HPRegen 0.31/turn    v - +6 ring of dexterity
MPRegen 0.12/turn

%: guardian spirit
@: mighty, studying Shields
A: reduced essence, horns 2, retaliatory headbutt
a: Renounce Religion, Recall Ancestor, Ancestor Identity, Transference


You were in a bailey.
You worshipped Hepliaklqana.
Hepliaklqana was most pleased with you.
You visited 1 branch of the dungeon, and saw 7 of its levels.
You also visited: Bailey.

You collected 364 gold pieces.

Inventory:

Hand Weapons
 a - the +9 falchion of Action (weapon) {freeze, rElec Will++ Str-2}
   (You found it on level 2 of the Dungeon)

   Str-2:     It affects your strength (-2).
   rElec:     It insulates you from electricity.
   Will++:    It greatly increases your willpower.
 b - a +0 arbalest
   (You took it off an orc in a bailey)
 i - a +1 shortbow
   (You found it on level 4 of the Dungeon)
 o - a +0 war axe
 x - a +0 sling
   (You found it on level 1 of the Dungeon)
Missiles
 l - 20 poisoned darts (quivered)
 u - a throwing net {!f}
 w - 4 atropa-tipped darts
 E - 5 boomerangs
 Q - 66 stones
Armour
 c - a +0 buckler
 m - an orb of energy
   (You found it on level 1 of the Dungeon)
 p - a +0 crystal plate armour (worn)
   (You took it off an orc warrior in a bailey)
 B - a +2 chain mail
   (You found it on level 6 of the Dungeon)
Jewellery
 r - a +4 ring of slaying (left hand)
   (You found it on level 2 of the Dungeon)
 v - a +6 ring of dexterity (right hand)
   (You found it on level 3 of the Dungeon)
 G - an amulet of guardian spirit (around neck)
   (You found it on level 3 of the Dungeon)
Wands
 D - a wand of digging (1)
   (You found it on level 7 of the Dungeon)
Scrolls
 e - 2 scrolls of blinking
 f - a scroll of vulnerability {unknown}
 h - a scroll of enchant weapon
 j - a scroll of silence
 k - a scroll of immolation {!r}
 t - 8 scrolls of teleportation {@r4}
 y - a scroll of poison {!r}
 H - a scroll of fear
Potions
 d - 2 potions of heal wounds {unknown}
 g - a potion of cancellation {unknown}
 n - 3 potions of enlightenment {unknown}
 q - 4 potions of curing {@q1}
 s - 3 potions of ambrosia {unknown}
 z - a potion of haste {unknown}
 A - a potion of mutation {unknown}
 F - a potion of brilliance {unknown}


   Skills:
 + Level 7.5 Fighting
 * Level 9.2 Long Blades
 - Level 3.0 Axes
 * Level 8.6 Ranged Weapons
 - Level 3.6 Armour
 - Level 3.6 Shields
 + Level 4.3 Invocations


You had 8 spell levels left.
You didn't know any spells.
Your spell library contained the following spells:

 Spells                   Type           Power      Damage    Failure   Level
 Summon Small Mammal      Summ           0%         N/A       100%        1
 Call Canine Familiar     Summ           0%         N/A       100%        3
 Sigil of Binding         Hex            0%         N/A       100%        3
 Dimensional Bullseye     Hex/Tloc       0%         N/A       100%        4
 Summon Blazeheart Golem  Fire/Summ      0%         N/A       100%        4


Dungeon Overview and Level Annotations

Branches:
Dungeon (7/15) Zot: 26768  Temple (0/1) D:6          Bailey (1/1) Zot: 5244

Altars:
Elyvilon
Hepliaklqana
Nemelex Xobeh
Qazlal
Ru
Xom


Innate Abilities, Weirdness & Mutations

Your life essence is reduced to manifest your ancestor. (-10% HP)
You have a pair of horns on your head.
You reflexively headbutt those who attack you in melee.


Message History

You kill the orc warrior!
Things that are here:
a +0 glaive; a +0 ring mail; an orc corpse You swap places.
There is an open door here.
You open the door. You open the door.
An orc comes into view. It is wielding a +0 trident.
The orc shouts!
The orc hits you but does no damage. The orc hits you but does no damage.
There is an open door here.
You slash the orc! You freeze the orc.
You kill the orc!
Things that are here:
a +0 trident; a +0 scale mail; an orc corpse You swap places.
There is an open door here.
Okay, then.
You open the gate.
Found a manual of Shields.
Found two gates leading back out of this place.
There is an open gate here.
You pick up a manual of Shields {!d} and begin studying.
You open the door.
An orc, 2 orc knights and an orc warrior come into view.
The orc shouts!
The orc knight shouts! x2; The orc warrior shouts!
The orc hits you but does no damage.
The orc knight roars a battlecry!
The orcs go into a battle-frenzy!
Found a manual of Fighting and 2 scrolls of enchant armour.
You feel very mighty all of a sudden. The orc hits you but does no damage.
The orc knight roars a battlecry!
The orc knight goes into a battle-frenzy!
Okay, then.
You swap places.
The orc hits you but does no damage.
The orc knight hits you with a +0 glaive!!
The orc knight hits you but does no damage.
The orc warrior hits you from afar with a +0 halberd!
* * * LOW HITPOINT WARNING * * *
There is an open door, spattered with blood here.
You closely miss the orc knight. The orc hits you with a +0 trident.
* * * LOW HITPOINT WARNING * * *
The orc knight hits you with a +0 glaive!!
* * * LOW MAGIC WARNING * * *
* * * LOW HITPOINT WARNING * * *
The orc knight hits you with a +0 halberd!!
* * * LOW MAGIC WARNING * * *
You die...

..≈##.##≈...............≈##.##≈..
..≈#..)).....................#≈..
..≈##.∩#≈...............≈#∩)##≈..
..≈≈#.##≈....#######....≈##)#≈≈..
...≈≈.≈≈≈...##....##....≈≈≈.≈≈...
...........##.....##.............
..........##..#'''##.............
..........#..##∩R∩##..##.........
.........##.####@####.##.........
.........##.')#ooo#)'.##.........
.........##.###.8o###.##.........
.........##.'.#?.:#)'.##.........
.........##.#########.##.........
..........#..##)#.##..#..........
....).)...##..#R#)#..##..........
.....).....##.......##...........
...≈≈.≈≈≈...#########...≈≈≈.≈≈...


You could see the friendly Hori the knight, 2 orc knights, an orc warrior
(strong) and an orc (strong, ally target).

Vanquished Creatures
  Prince Ribbit (D:6)
  2 water moccasins
  5 orc warriors (Bailey)
  A black bear (D:6)
  A kobold brigand (D:6)
  The ghost of TheBioAlchemist the Gusty, an amateur TeAE (D:3)
  A bullfrog (D:6)
  A scorpion (D:4)
  A howler monkey (D:3)
  2 bombardier beetles
  3 quasits (D:3)
  3 orc priests
  2 hounds
  3 jellies
  A sleepcap (D:4)
  2 orc wizards
  4 iguanas
  6 gnolls
  9 adders
  2 shadow imps
  4 ufetubi (D:6)
  3 dart slugs
  2 ribbon worms (D:2)
  21 orcs
  6 endoplasms
  A giant cockroach (D:2)
  6 goblins
  5 hobgoblins
  6 jackals
  2 quokkas
  4 ball pythons
  2 frilled lizards
  6 kobolds
  3 rats
  A spectral hobgoblin (D:3)
123 creatures vanquished.

Vanquished Creatures (collateral kills)
  A black bear (D:4)
  6 orc warriors (Bailey)
  A bullfrog (D:7)
  A howler monkey (D:6)
  A bombardier beetle (D:7)
  A sleepcap (D:4)
  An iguana (D:6)
  2 adders
  8 orcs
  A kobold (D:6)
23 creatures vanquished.

Grand Total: 146 creatures vanquished

Notes
Turn   | Place    | Note
-------+----------+-------------------------------------------
     0 | D:1      | Pooter the Minotaur Fighter began the quest for the Orb.
     0 | D:1      | Reached XP level 1. HP: 19/19 MP: 0/0
   553 | D:1      | Reached skill level 1 in Ranged Weapons
   553 | D:1      | Reached XP level 2. HP: 21/27 MP: 1/1
   988 | D:2      | Identified the +9 falchion of Action {freeze, rElec Will++
                  | Str-2}
  1067 | D:2      | Reached skill level 1 in Long Blades
  1067 | D:2      | Reached XP level 3. HP: 33/33 MP: 2/2
  1437 | D:2      | Reached skill level 2 in Long Blades
  1541 | D:3      | Found a transporter.
  1546 | D:3      | Noticed TheBioAlchemist's ghost (amateur TeAE)
  1572 | D:3      | Reached XP level 4. HP: 40/40 MP: 3/3
  1625 | D:3      | Found a hazy altar of Hepliaklqana.
  1646 | D:3      | Became a worshipper of Hepliaklqana the Forgotten
  2000 | D:3      | Reached skill level 3 in Long Blades
  2000 | D:3      | Reached XP level 5. HP: 46/47 MP: 4/4
  2230 | D:3      | Found a transporter.
  2353 | D:3      | Killed TheBioAlchemist's ghost
  2355 | D:3      | Reached XP level 6. HP: 50/55 MP: 3/5
  2357 | D:3      | Reached skill level 4 in Long Blades
  2455 | D:3      | Reached skill level 5 in Fighting
  2550 | D:4      | Reached * piety under Hepliaklqana
  2593 | D:4      | Found a white marble altar of Elyvilon.
  2649 | D:4      | Found a stormy altar of Qazlal.
  2671 | D:4      | Found a sacrificial altar of Ru.
  2781 | D:4      | Noticed a water elemental
  2784 | D:4      | Noticed an air elemental
  2784 | D:4      | Noticed a fire elemental
  2825 | D:4      | Reached skill level 5 in Long Blades
  2825 | D:4      | Reached XP level 7. HP: 46/54 MP: 4/6
  2983 | D:4      | Reached skill level 5 in Ranged Weapons
  2983 | D:4      | Reached skill level 1 in Invocations
  3019 | D:4      | Found a sparkling altar of Nemelex Xobeh.
  4368 | D:5      | Entered Level 5 of the Dungeon
  4403 | D:5      | Found a shimmering altar of Xom.
  4623 | D:5      | Reached ** piety under Hepliaklqana
  4624 | D:5      | Remembered your ancestor Hori as a knight
  4752 | D:5      | Reached skill level 6 in Long Blades
  5180 | D:5      | Reached XP level 8. HP: 57/63 MP: 6/8
  5259 | D:6      | Reached skill level 7 in Long Blades
  5513 | D:6      | Noticed Prince Ribbit
  5590 | D:6      | Found a staircase to the Ecumenical Temple.
  5612 | D:6      | Killed Prince Ribbit
  5858 | D:7      | Reached skill level 8 in Long Blades
  6025 | D:7      | Found a flagged portal.
  6050 | Bailey   | Entered a bailey
  6078 | Bailey   | Reached XP level 9. HP: 43/70 MP: 6/10
  6195 | Bailey   | Reached *** piety under Hepliaklqana
  6531 | Bailey   | Reached skill level 9 in Long Blades
  6791 | Bailey   | Noticed an orc knight
  6791 | Bailey   | Noticed an orc knight
  6794 | Bailey   | Mangled by an orc knight

Illustrated notes

Levels and vault maps discovered:
D:1:      wander_arrival_lonely_grave, layout_loops_corners,
          nicolae_houndstooth_variations
D:2:      layout_rooms
D:3:      layout_basic, nicolae_hepliaklqana_monster_ancestors,
          gammafunk_ghost_stat_death
D:4:      layout_loops_cross, mainiacjoe_overflow_surrounded_room,
          nemelex_spade_bored_becter, hangedman_ru_absence,
          nicolae_qazlal_style_of_elements
D:5:      nicolae_cairo_tiling_large_dashed, layout_basic,
          general_overflow_altar, minmay_misc_feat_diagonals, st_stairs_7
D:6:      layout_cave_pools, minmay_temple_entry_ruins, uniq_prince_ribbit1
D:7:      layout_rooms, enter_bailey_7
Bailey:   bailey_polearm_2, bailey

Skill      XL: |  1  2  3  4  5  6  7  8  9 |
---------------+----------------------------+-----
Ranged Weapons | 1 2 3 4 6 7 8 |  8.6
Axes           | 3 |  3.0
Fighting       | 4 5 6 7 |  7.5
Long Blades    | 1 2 3 5 6 8 9 |  9.2
Invocations    | 2 3 4 |  4.3
Armour         | |  3.6
Shields        | |  3.6

Action                     |  1- 3 |  4- 6 |  7- 9 || total
---------------------------+-------+-------+-------++-------
  Melee: War axe           |    17 |       |       ||    17
         Falchion          |    20 |    39 |    53 ||   112
         Headbutt          |     1 |     7 |     9 ||    17
         Punch             |       |       |     1 ||     1
   Fire: Sling             |    21 |    30 |       ||    51
         Shortbow          |       |     4 |   144 ||   148
 Invoke: Ancestor Identity |       |     1 |       ||     1
         Ancestor Life: Kn |       |       |     1 ||     1
    Use: Scroll            |     4 |     1 |     8 ||    13
         Potion            |       |     1 |     1 ||     2
 Armour: Scale mail        |    12 |    57 |    12 ||    81
         Chain mail        |       |       |    64 ||    64
         Crystal plate arm |       |       |    13 ||    13
  Dodge: Dodged            |    19 |    24 |    42 ||    85
  Block: Buckler           |     5 |       |       ||     5
